 Dungeon Crawl Stone Soup version 0.27-a0-1519-gc8121b24ce (webtiles) character file.

Game seed: 2662393286557950315

20265 Lemonice the Spear-Bearer (level 12, -9/93 HPs)
             Began as a Merfolk Ice Elementalist on July 10, 2021.
             Was a Believer of Ashenzari.
             Mangled by a +0 mace of flaming (10 damage)
             ... in a volcano.
             The game lasted 01:07:16 (14806 turns).

Lemonice the Spear-Bearer (MfIE)                   Turns: 14806, Time: 01:07:16

Health: -9/93      AC:  7    Str: 13    XL:     12   Next: 77%
Magic:  19/27      EV: 17    Int: 15    God:    Ashenzari [**....]
Gold:   2060       SH:  5    Dex: 14    Spells: 13/28 levels left

rFire    . . .     SeeInvis +   h - +3 spear (venom)
rCold    + . .     Faith    .   C - +0 buckler
rNeg     . . .     Spirit   .   O - +2 robe {rF+}
rPois    .         Reflect  .   (helmet restricted)
rElec    .         Harm     .   w - +2 cloak "Omen of the Ether" {Cun, Bglg} (curse)
rCorr    .         Rampage  .   (no gloves)
Will     +....                  (no boots)
Stlth    ++++......             B - amulet of Supernal Wisdom {Regen+, Melee, Fort} (curse)
HPRegen  1.25/turn              s - ring of willpower
MPRegen  0.20/turn              x - ring "Omission of Ashenzari" {Ice, Alch, Elem} (curse)

@: about to teleport, very slightly contaminated, slowed, very slow
A: (nimble swimmer 2), mertail, antennae 1, claws 1, high mp 1, screaming 1
a: Renounce Religion, Curse Item, Shatter the Chains


You were in a volcano.
You worshipped Ashenzari.
Ashenzari was pleased with you.
You visited 3 branches of the dungeon, and saw 12 of its levels.
You also visited: Volcano.

You collected 2363 gold pieces.
You spent 303 gold pieces at shops.

Inventory:

Hand Weapons
 h - a +3 spear of venom (weapon)
 H - a +3 scimitar of flaming
Missiles
 i - 7 silver boomerangs (quivered)
 r - 17 curare-tipped darts
Armour
 a - a +0 robe
 t - a +3 ring mail
 w - the cursed +2 cloak "Omen of the Ether" (worn) {Cun, Bglg}
   (You found it on level 3 of the Dungeon)

   It has a curse which improves the following skills: Cunning: Dodging and
   Stealth.
   Beguiling: Conjurations, Hexes and Translocations.
 A - a +0 hat
 C - a +0 buckler (worn)
 D - a +0 troll leather armour
 I - a +2 robe of willpower
 J - a +0 pair of gloves
 L - a +0 pair of boots
 N - a +0 robe of fire resistance
 O - a +2 robe of fire resistance (worn)
Magical Staves
 l - a staff of cold
Jewellery
 s - a ring of willpower (left claw)
 v - an amulet of faith
 x - the cursed ring "Omission of Ashenzari" (right claw) {Ice, Alch, Elem}
   (You bought it in a shop on level 3 of the Dungeon)

   [ring of ice]

   It enhances your ice magic.
   rF:        It makes you vulnerable to fire.
   rC:        It protects you from cold.
   It has a curse which improves the following skills: Alchemy: Poison Magic and
   Transmutations.
   Elements:  Fire Magic, Ice Magic, Air Magic and Earth Magic.
 B - the cursed amulet of Supernal Wisdom (around neck) {Regen+, Melee, Fort}
   (You took it off a wight on level 6 of the Dungeon)

   [amulet of regeneration]

   Regen:     It increases your rate of health regeneration.
   It has a curse which improves the following skills: Melee Combat: Short
   Blades, Long Blades, Axes, Maces & Flails, Polearms, Staves and Unarmed
   Combat.
   Fortitude: Armour and Shields.
Wands
 d - a wand of digging (7)
 g - a wand of paralysis (13)
 F - a wand of polymorph (8)
Scrolls
 c - a scroll of enchant armour
 e - a scroll of vulnerability
 j - 2 scrolls of teleportation
 k - 2 scrolls of brand weapon
 p - a scroll of amnesia
 q - a scroll of magic mapping
 u - 2 scrolls of immolation
 y - 3 scrolls of identify
 K - a scroll of silence
Potions
 f - a potion of might
 m - 2 potions of flight
 E - 2 potions of lignification
 G - a potion of ambrosia


   Skills:
 + Level 8.2 Fighting
 * Level 12.1(13.3) Polearms
 + Level 10.3(11.6) Dodging
 + Level 7.4(8.9) Stealth
 - Level 5.0(6.4) Shields
 + Level 8.7 Spellcasting
 + Level 4.6(6.0) Conjurations
 + Level 10.1(11.4) Ice Magic


You had 13 spell levels left.
You knew the following spells:

 Your Spells              Type           Power      Damage    Failure   Level
a - Freeze                Ice            100%       1d11      1%          1
b - Frozen Ramparts       Ice            100%       1d12      1%          3
c - Ozocubu's Armour      Ice            57%        N/A       1%          3
d - Hailstorm             Conj/Ice       49%        3d11      3%          4
e - Fulminant Prism       Conj/Hex       7%         3d7       30%         4

Your spell library contained the following spells:

 Spells                   Type           Power      Damage    Failure   Level
 Magic Dart               Conj           96%        1d7       1%          1
 Searing Ray              Conj           48%        3d5       1%          2
 Animate Skeleton         Necr           12%        N/A       11%         1
 Apportation              Tloc           14%        N/A       11%         1
 Corona                   Hex            7%         N/A       11%         1
 Summon Small Mammal      Summ           24%        N/A       11%         1
 Corpse Rot               Necr/Air       N/A        N/A       16%         2
 Ozocubu's Refrigeration  Ice            28%        4d10      65%         7
 Animate Dead             Necr           3%         N/A       73%         4
 Dispel Undead            Necr           6%         3d8       73%         4
 Borgnjor's Vile Clutch   Necr/Erth      3%         N/A       96%         5
 Death Channel            Necr           3%         N/A       100%        6


Dungeon Overview and Level Annotations

Branches:
Dungeon (9/15)             Temple (1/1) D:4            Lair (2/6) D:9
Volcano (1/1)
  Swamp: Lair:2-4    Shoals: Lair:2-4     Snake: Lair:2-4    Spider: Lair:2-4
    Orc: D:9-12

Altars:
Ashenzari
Cheibriados
Dithmenos
Elyvilon
Fedhas
Gozag
Hepliaklqana
Kikubaaqudgha
Makhleb
Nemelex Xobeh
Okawaru
Qazlal
Ru
Sif Muna
Trog
Uskayaw
Vehumet
Wu Jian
Xom
Yredelemnul
Zin
The Shining One

Shops:
D:3 =   D:5 *


Innate Abilities, Weirdness & Mutations

((You are quick and stealthy near water. (Stealth+, EV+, Speed+++)))
Your lower body shifts to a powerful aquatic tail in water.
You have a pair of small antennae on your head.
You have sharp fingernails.
You have an increased reservoir of magic. (+10% MP)
You occasionally shout uncontrollably at your foes.


Message History

The +0 mace of flaming is heavily damaged.
The +0 mace of flaming hits you! The +0 mace of flaming burns you.
You hit the +0 mace of flaming but do no damage.
The +0 mace of flaming is heavily damaged.
The +0 mace of flaming hits you but does no damage.
You hit the +0 mace of flaming but do no damage.
The +0 mace of flaming is heavily damaged.
The +0 mace of flaming hits you. The +0 mace of flaming burns you.
You hit the +0 mace of flaming.
The +0 mace of flaming is heavily damaged.
The +0 mace of flaming hits you!
* * * LOW HITPOINT WARNING * * *
The +0 mace of flaming burns you.
* * * LOW HITPOINT WARNING * * *
You feel much better. The +0 mace of flaming misses you.
The +0 mace of flaming hits you! The +0 mace of flaming burns you!
* * * LOW HITPOINT WARNING * * *
The +0 mace of flaming hits you.
* * * LOW HITPOINT WARNING * * *
The +0 mace of flaming burns you.
* * * LOW HITPOINT WARNING * * *
As you read the scroll of teleportation, it crumbles to dust.
You feel strangely unstable. The +0 mace of flaming hits you!
* * * LOW HITPOINT WARNING * * *
The +0 mace of flaming burns you.
* * * LOW HITPOINT WARNING * * *
You block the +0 mace of flaming's attack.
You feel better.
The +0 mace of flaming hits you but does no damage.
The +0 mace of flaming hits you.
* * * LOW HITPOINT WARNING * * *
The +0 mace of flaming burns you.
* * * LOW HITPOINT WARNING * * *
The +0 mace of flaming barely misses you.
You feel better. The +0 mace of flaming hits you!
* * * LOW HITPOINT WARNING * * *
The +0 mace of flaming burns you.
* * * LOW HITPOINT WARNING * * *
The +0 mace of flaming hits you!
You die...

############# #...........#
#.#########.# ##§#
#.#)$$!$..#.# ####≈≈≈§
#.#$[[)!$$#.# ###≈§§≈≈≈≈
#.#.$$)[[[(@# *≈≈°≈§≈≈≈§
#.##########################
#....'.....#.......≈≈≈≈#....
########.∩.').....≈≈♣§§#....
###...#.)....≈♣♣§§#..).
##.##'################'#
##..#..#....).#...#.#....
##≈§.+.###+#'#####'#.'.∩.∩
#≈≈§§§≈#.............).#....


You could see a +0 mace of flaming.

Vanquished Creatures
  Gastronok (Lair:2)
  2 hydras (Lair:1)
  Erica (D:8)
  The ghost of Johnny the Thaumaturge, a novice DEEE (D:7)
  5 wizards (Volcano)
  5 toenail golems (Volcano)
  2 black mambas (Lair:1)
  Maurice (D:8)
  Joseph (D:8)
  A cane toad (Lair:1)
  2 rime drakes
  5 komodo dragons
  3 kobold demonologists (D:9)
  2 trolls
  A hornet (D:7)
  Grinder (D:4)
  A wyvern (D:9)
  8 yaks
  Grum (D:8)
  A wraith (D:9)
  A basilisk (Lair:1)
  A steam dragon (D:9)
  5 water moccasins
  A hornet zombie (D:9)
  2 sky beasts
  An ice beast (D:6)
  2 orc warriors
  A black bear (D:7)
  2 necrophages (D:5)
  6 ogres
  6 wolves
  3 centaurs
  3 kobold brigands
  5 bullfrogs
  A scorpion (D:3)
  A water moccasin zombie (D:5)
  A water moccasin skeleton (D:5)
  2 killer bees (Lair:2)
  14 wights
  3 electric eels (D:9)
  2 howler monkeys
  9 hounds
  3 orc priests
  6 jellies
  3 bullfrog skeletons
  3 centaur zombies
  Natasha (thrice) (D:2)
  3 iguanas
  10 orc wizards
  Terence (D:2)
  A hound zombie (D:5)
  3 hound skeletons
  2 howler monkey zombies
  7 gnolls
  9 adders
  A shadow imp (D:8)
  A white imp (D:7)
  2 ufetubi (D:5)
  An adder zombie (D:5)
  2 worms
  2 dart slugs
  32 orcs
  6 bats
  12 endoplasms
  3 giant cockroaches
  10 goblins
  5 hobgoblins
  9 jackals (D:3)
  2 quokkas
  A ball python (D:3)
  3 frilled lizards
  28 kobolds
  A rat (D:1)
292 creatures vanquished.

Vanquished Creatures (others)
  A hound skeleton (D:4)
  An endoplasm (D:4)
  A ball python (D:4)
  A fulminant prism (Volcano)
  15 fungi
  8 plants
  12 toadstools
39 creatures vanquished.

Grand Total: 331 creatures vanquished

Notes
Turn   | Place    | Note
-------+----------+-------------------------------------------
     0 | D:1      | Lemonice the Merfolk Ice Elementalist began the quest for
                  | the Orb.
     0 | D:1      | Reached XP level 1. HP: 13/13 MP: 3/3
   551 | D:1      | Reached XP level 2. HP: 18/19 MP: 1/5
   781 | D:1      | Reached skill level 5 in Ice Magic
  1203 | D:1      | Reached XP level 3. HP: 24/24 MP: 4/6
  1530 | D:2      | Learned a level 3 spell: Frozen Ramparts
  1782 | D:2      | Reached skill level 1 in Fighting
  1782 | D:2      | Reached skill level 1 in Polearms
  1782 | D:2      | Reached XP level 4. HP: 32/32 MP: 3/7
  1924 | D:2      | Noticed Natasha
  1932 | D:2      | Killed Natasha
  1995 | D:2      | Noticed Terence
  2001 | D:2      | Killed Terence
  2002 | D:2      | Reached XP level 5. HP: 25/37 MP: 3/9
  2193 | D:2      | Noticed Natasha
  2197 | D:2      | Killed Natasha
  2198 | D:2      | Reached skill level 2 in Polearms
  2438 | D:2      | Reached skill level 3 in Polearms
  2595 | D:2      | Reached XP level 6. HP: 17/43 MP: 2/10
  2856 | D:2      | Noticed Natasha
  2865 | D:2      | Killed Natasha
  2866 | D:2      | Reached skill level 4 in Polearms
  3831 | D:3      | Learned a level 3 spell: Ozocubu's Armour
  3873 | D:3      | Reached XP level 7. HP: 34/50 MP: 7/12
  4196 | D:3      | Found Rups's Jewellery Shop.
  4214 | D:3      | Found a sacrificial altar of Ru.
  4285 | D:3      | Found an iron altar of Okawaru.
  4704 | D:3      | Bought a ring of ice for 275 gold pieces
  4710 | D:3      | Learned a level 4 spell: Hailstorm
  4907 | D:4      | Reached skill level 5 in Polearms
  4907 | D:4      | Reached skill level 1 in Conjurations
  5064 | D:4      | Noticed Grinder
  5100 | D:4      | Gained mutation: You are frail. (-10% HP) [potion of
                  | mutation]
  5100 | D:4      | Gained mutation: You sometimes lose the ability to read
                  | scrolls when taking damage. [potion of mutation]
  5100 | D:4      | Gained mutation: You have sharp fingernails. [potion of
                  | mutation]
  5114 | D:4      | Killed Grinder
  5115 | D:4      | Reached XP level 8. HP: 20/52 MP: 14/14
  5455 | D:4      | Found a staircase to the Ecumenical Temple.
  5480 | Temple   | Entered the Ecumenical Temple
  5625 | Temple   | Became a worshipper of Ashenzari the Shackled
  5625 | Temple   | Identified a scroll of acquirement
  5626 | Temple   | Acquired 757 gold pieces
  5702 | D:4      | Reached skill level 5 in Dodging
  5757 | D:4      | Found a radiant altar of Vehumet.
  5956 | D:4      | Found a shimmering blue altar of Sif Muna.
  5957 | D:4      | Identified Sif Muna's Incunabulum of the Snowflakes
  5957 | D:4      | Identified Sif Muna's Reference Book on Attacks
  5957 | D:4      | Identified Sif Muna's Guide on Transmutation
  6152 | D:5      | Entered Level 5 of the Dungeon
  6466 | D:5      | Reached skill level 6 in Polearms
  6665 | D:5      | Found Paassouwk's Assorted Antiques.
  6676 | D:5      | Bought a scroll labelled SANAOD SUNOUDA for 28 gold pieces
  7214 | D:6      | Reached XP level 9. HP: 57/58 MP: 0/16
  7428 | D:5      | Reached skill level 5 in Stealth
  7650 | D:6      | Found an ornate altar of the Wu Jian Council.
  7703 | D:6      | Reached skill level 5 in Spellcasting
  7942 | D:6      | Reached skill level 7 in Polearms
  8364 | D:6      | Acquired 747 gold pieces
  8733 | D:7      | Found a runed translucent door.
  8798 | D:7      | Noticed Johnny's ghost (novice DEEE)
  8903 | D:7      | Noticed a troll
  8908 | D:7      | Killed a troll
  8909 | D:7      | Reached skill level 5 in Fighting
  8912 | D:7      | Reached skill level 1 in Shields
  8913 | D:7      | Reached skill level 8 in Polearms
  8913 | D:7      | Reached XP level 10. HP: 65/66 MP: 4/18
  9446 | D:7      | Reached * piety under Ashenzari
  9869 | D:8      | Noticed Grum
  9882 | D:8      | Killed Grum
  9950 | D:8      | Noticed Maurice
  9960 | D:8      | Killed Maurice
 10277 | D:8      | Noticed Erica
 10282 | D:8      | Killed Erica
 10415 | D:8      | Noticed Joseph
 10425 | D:8      | Killed Joseph
 10426 | D:8      | Reached skill level 9 in Polearms
 10888 | D:9      | Found a staircase to the Lair.
 11044 | D:9      | Reached XP level 11. HP: 73/73 MP: 3/21
 11734 | D:9      | Lost mutation: You are frail. (-10% HP) [potion of
                  | mutation]
 11734 | D:9      | Lost mutation: You sometimes lose the ability to read
                  | scrolls when taking damage. [potion of mutation]
 11734 | D:9      | Gained mutation: You have a pair of small antennae on your
                  | head. [potion of mutation]
 11734 | D:9      | Gained mutation: You sometimes lose the ability to read
                  | scrolls when taking damage. [potion of mutation]
 11734 | D:9      | Gained mutation: You are frail. (-10% HP) [potion of
                  | mutation]
 11909 | D:9      | Reached ** piety under Ashenzari
 12282 | D:9      | Found a snail-covered altar of Cheibriados.
 12532 | D:7      | Killed Johnny's ghost
 12614 | Lair:1   | Entered Level 1 of the Lair of Beasts
 12868 | Lair:1   | Lost mutation: You are frail. (-10% HP) [potion of
                  | mutation]
 12868 | Lair:1   | Lost mutation: You sometimes lose the ability to read
                  | scrolls when taking damage. [potion of mutation]
 12868 | Lair:1   | Lost mutation: You have a pair of small antennae on your
                  | head. [potion of mutation]
 12868 | Lair:1   | Gained mutation: You have a pair of small antennae on your
                  | head. [potion of mutation]
 12868 | Lair:1   | Gained mutation: You occasionally shout uncontrollably at
                  | your foes. [potion of mutation]
 12868 | Lair:1   | Gained mutation: You have an increased reservoir of magic.
                  | (+10% MP) [potion of mutation]
 12960 | Lair:1   | Reached skill level 10 in Polearms
 13025 | Lair:1   | Noticed a six-headed hydra
 13033 | Lair:1   | Killed a six-headed hydra
 13251 | Lair:1   | Reached skill level 5 in Shields
 13654 | Lair:2   | Identified the +0 robe "Sexkethru" {rC+ Regen+ Str+3}
 13656 | Lair:2   | Noticed a six-headed hydra
 13747 | Lair:1   | Killed a six-headed hydra
 13748 | Lair:1   | Reached XP level 12. HP: 73/91 MP: 12/26
 13860 | Lair:2   | Noticed Gastronok
 13964 | Lair:2   | Found a dark tunnel.
 14006 | Lair:2   | Reached skill level 11 in Polearms
 14102 | Lair:2   | Killed Gastronok
 14177 | Volcano  | Entered a volcano
 14203 | Volcano  | Reached skill level 10 in Dodging
 14464 | Volcano  | Reached skill level 10 in Ice Magic
 14618 | Volcano  | Reached skill level 12 in Polearms
 14786 | Volcano  | Learned a level 4 spell: Fulminant Prism
 14806 | Volcano  | HP: 1/93 [+0 mace of flaming (6)]
 14806 | Volcano  | Mangled by a +0 mace of flaming

Illustrated notes

Levels and vault maps discovered:
D:1:      ncdulo_watergridlock, layout_basic
D:2:      cheibrodos_fertilizer, layout_basic, guppyfry_early_orc_mine,
          uniq_natasha, uniq_terence
D:3:      cheibrodos_thug_alley, layout_basic,
          mainiacjoe_overflow_large_starburst, serial_shops, nicolae_shop_stone
D:4:      layout_loops_ring, nicolae_sif_muna_little_library,
          fiery_altar_vehumet, minmay_temple_entry_nine_rooms, uniq_grinder
D:5:      layout_gridville, serial_shops, shop_fountains
D:6:      layout_cave_pools, mainiacjoe_overflow_catwalk,
          minmay_gold_behind_fungi, dk_vineyard_3
D:7:      minmay_recursive_quarters, layout_loops_ring,
          ebering_ghost_reflecting_pool
D:8:      layout_loops_ring, uniq_erica, uniq_joseph, uniq_grum, uniq_maurice
D:9:      layout_small_grid, chei_slow_surprise, erik_lair_island
Temple:   nicolae_temple_elliptical
Lair:1:   layout_roguey, minmay_holes, lemuel_fruit_fields
Lair:2:   regret_index_bee_streams, layout_gridlike,
          nicolae_volcano_entry_two_sided, basic_altar, uniq_gastronok
Volcano:  volcano_bunker

Skill      XL: |  1  2  3  4  5  6  7  8  9 10 11 12 |
---------------+-------------------------------------+-----
Ice Magic      | 5 6 7 8 9 10 | 10.1
Fighting       | 1 2 3 4 5 6 7 8 |  8.2
Polearms       | 1 3 4 5 6 8 9 10 12 | 12.1
Dodging        | 3 4 5 7 8 9 10 | 10.3
Spellcasting   | 3 4 5 7 8 |  8.7
Stealth        | 3 4 5 6 7 |  7.4
Conjurations   | 1 2 3 4 |  4.6
Shields        | 1 3 5 |  5.0

Action                   |  1- 3 |  4- 6 |  7- 9 | 10-12 || total
-------------------------+-------+-------+-------+-------++-------
Melee: Spear             |    22 |     9 |   307 |   470 ||   808
       Staff             |       |    21 |    36 |       ||    57
       Tailslap          |       |       |       |     1 ||     1
Throw: Boomerang         |       |       |     7 |     7 ||    14
 Cast: Freeze            |    43 |    13 |    36 |    50 ||   142
       Frozen Ramparts   |     4 |    22 |    34 |    47 ||   107
       Ozocubu's Armour  |       |       |    23 |    39 ||    62
       Hailstorm         |       |       |    15 |    47 ||    62
       Fulminant Prism   |       |       |       |     1 ||     1
Invok: Curse Item        |       |       |     1 |     2 ||     3
Evoke: Wand              |       |       |       |     3 ||     3
  Use: Potion            |       |       |     8 |     9 ||    17
       Scroll            |       |       |     2 |     6 ||     8
 Stab: Sleeping          |     2 |       |       |     1 ||     3
       Distracted        |     1 |       |       |       ||     1
Armor: Robe              |     4 |     3 |   101 |   102 ||   210
       Skin              |       |       |     1 |       ||     1
Dodge: Dodged            |    18 |    28 |   171 |   234 ||   451
Block: Buckler           |       |       |     2 |    65 ||    67

Table legend: (Time is in decaauts)
 A = Elapsed time spent in this place.
 B = Non-inter-level travel time spent in this place.
 C = Inter-level travel time spent in this place.
 D = Time resting spent in this place.
 E = Time spent auto-exploring this place.
 F = Levels seen in this place.
 G = Mean time per level.
                   A        B        C        D        E       F      G
               +--------+--------+--------+--------+--------+-----+--------+
         Total |  14504 |  14018 |    486 |      0 |  10686 |  13 | 1115.7 |
       Dungeon |  12270 |  11804 |    466 |      0 |   9208 |   9 | 1363.3 |
        Temple |    161 |    161 |      0 |      0 |    124 |   1 |  161.0 |
          Lair |   1508 |   1488 |     20 |      0 |   1063 |   2 |  754.0 |
       Volcano |    563 |    563 |      0 |      0 |    291 |   1 |  563.0 |
               +--------+--------+--------+--------+--------+-----+--------+

Top non-repeatable levels by time:
     D:2: 1917 daAuts
     D:3: 1493 daAuts
     D:4: 1375 daAuts
     D:5: 1371 daAuts
  Lair:1: 1306 daAuts
     D:7: 1249 daAuts
     D:1: 1223 daAuts
     D:9: 1219 daAuts
     D:8: 1211 daAuts
     D:6: 1209 daAuts
 Volcano: 563 daAuts
  Lair:2: 202 daAuts
  Temple: 161 daAuts
